cohdb
Replays
Latest Replays
All Replays
Popular Replays
Top Player Replays
Match Explorer
How It Works
Community
CoH3 Stats
Reddit
Sign in to upload your games and track your stats! →
Sign in with Steam
Match 40564903
Unlisted
Match 40564903
Overview
Messages
Build Orders
End
Kettenkrad Recon Vehicle
Construct Infanterie Kompanie
Grenadier Squad
MG 42 Machine Gun Team
Selects Terror Battlegroup
Selects Machine Gun Camouflage
Construct Panzergrenadier Kompanie
Panzergrenadier Squad
Pak 40 Anti-tank Gun Team
Support Elements
Pioneer Squad
Medical Station
GrW 34 Mortar Team
Nebelwerfer 42 Rocket Launcher Team
Unsafe
Lil Pijon
Ashkan_Hunter
Kurta-Burta
Petrov
Snake Doctor
0
0
Comments
sign in to comment!
No comments posted yet!